AoeStats
← schmeno

Coastal Forest

513317042Analyzed
2v2 RM · 2d ago on Oct 13, 2026· 52m 45s· 4 players
Game mode
Random Map
Map size
Medium (4 player)
Population
200
Speed
Normal
Resources
Standard
Victory
Conquest
Starting age
Dark Age
Ending age
Imperial Age
RankedLock teamsTeams togetherTeam positionsShared explorationLock speedFull tech treeHidden civsTurbo modeCheats
Victory
Defeat
🇺🇸 Saxons · United States
1129
+14
🇺🇸 Celts · United States
1126
+14
vs
🇺🇸 Armenians · United States
1093
-14
🇺🇸 Romans · United States
1093
-14
nolesallday
7:21 Loom
10:17 Feudal Age
11:19 Double-Bit Axe
13:52 Wheelbarrow
14:36 Man-at-Arms
17:57 Scale Mail Armor
20:14 Town Watch
21:17 Horse Collar
25:19 Castle Age
25:31 Long Swordsman
26:53 Chain Mail Armor
26:49 Forging
29:22 Squires
30:17 Padded Archer Armor
30:08 Fletching
30:55 Iron Casting
31:09 Bow Saw
34:29 Bodkin Arrow
38:58 Imperial Age
36:29 Stone Mining
36:33 Gold Mining
39:32 Imperial Age
39:51 Hand Cart
41:32 Legionary
43:46 Blast Furnace
49:19 Ballistics
49:08 Ballistas
48:29 Heavy Scorpion
50:24 Light Cavalry
51:15 Bloodlines
51:07 Husbandry
51:15 Scale Barding Armor
51:35 Siege Engineers
barfthom
4:16 Loom
11:15 Feudal Age
11:15 Man-at-Arms
11:58 Long Swordsman
13:03 Double-Bit Axe
25:41 Castle Age
24:08 Scale Mail Armor
25:00 Wheelbarrow
26:04 Fletching
26:18 Padded Archer Armor
25:43 Elite Skirmisher
28:44 Fletching
30:44 Town Watch
31:04 Crossbowman
31:08 Two-Handed Swordsman
35:10 Horse Collar
37:42 Bow Saw
38:59 Heavy Plow
40:39 Champion
45:01 Bodkin Arrow
Tired Cock
7:41 Loom
9:04 Loom
11:08 Feudal Age
11:57 Man-at-Arms
14:00 Scale Mail Armor
17:03 Double-Bit Axe
26:02 Horse Collar
29:58 Castle Age
33:19 Bow Saw
43:12 Ballistics
50:15 Wheelbarrow
51:45 Hand Cart
schmeno
6:04 Loom
8:37 Feudal Age
11:15 Double-Bit Axe
20:20 Castle Age
18:14 Gold Mining
18:39 Fletching
21:08 Bodkin Arrow
20:37 Crossbowman
23:46 Stone Mining
28:02 Scale Barding Armor
28:13 Forging
31:03 Thumb Ring
31:32 Scale Barding Armor
32:21 Bow Saw
33:42 Wheelbarrow
39:21 Imperial Age
37:36 Ballistics
37:26 Padded Archer Armor
38:29 Horse Collar
40:12 Hand Cart
39:45 Arbalester
41:06 Town Watch
41:40 Bracer
43:02 Chemistry
43:42 Guard Tower
43:38 Arrowslits
43:59 Siege Engineers
48:01 Keep
47:43 Leather Archer Armor
49:48 Capped Ram
50:23 Treadmill Crane
50:57 Masonry
50:42 Murder Holes
50:36 Siege Ram
52:18 Ring Archer Armor
Connection lost

Rejoining the realm…

Still unreachable

The connection could not be restored.

Session expired

The server has moved on; the page needs a fresh start.